 Dungeon Crawl Stone Soup version 0.28-a0-1510-gd0f6b136d3 (webtiles) character file.

Game seed: 9345369409003243072

72 AigisTheKnight the Grasshopper (level 4, 0/42 HPs)
             Began as a Naga Warper on Jan 15, 2022.
             Slain by a kobold (2 damage)
             ... on level 2 of the Dungeon.
             The game lasted 00:02:14 (2728 turns).

AigisTheKnight the Grasshopper (Naga Warper)        Turns: 2728, Time: 00:02:14

Health: 0/42       AC:  2    Str: 15    XL:     4   Next: 25%
Magic:  7/7        EV:  9    Int: 13    God:
Gold:   55         SH:  0    Dex: 11    Spells: 7/7 levels left

rFire   . . .      SeeInvis +   a - +0 mace
rCold   + . .      Faith    .   (no shield)
rNeg    . . .      Spirit   .   b - +0 leather armour
rPois   +          Reflect  .   (no helmet)
rElec   .          Harm     .   (no cloak)
rCorr   .          Rampage  .   (no gloves)
Will    .....                   (no barding)
Stlth   +.........              (no amulet)
HPRegen 0.14/turn               g - ring of protection from cold
MPRegen 0.10/turn               (no ring)

@: very slow
A: AC +1, large, see invisible, deformed body, poison resistance, slowness 2,
spit poison 1, naga tail 1
a: Spit Poison


You were on level 2 of the Dungeon.
You visited 1 branch of the dungeon, and saw 2 of its levels.

You collected 55 gold pieces.

Inventory:

Hand Weapons
 a - a +0 mace (weapon)
Missiles
 d - 5 boomerangs of dispersal (quivered)
Armour
 b - a +0 leather armour (worn)
 h - a +0 leather armour
Jewellery
 g - a ring of protection from cold (left hand)
Wands
 k - a wand of mindburst (11)
Scrolls
 c - a scroll of blinking
 e - a scroll of brand weapon {unknown}
 f - 2 scrolls of teleportation {unknown}
Potions
 i - 2 potions of curing {unknown}
 j - 3 potions of invisibility {unknown}


   Skills:
 + Level 3.0 Fighting
 + Level 2.9 Maces & Flails
 - Level 0.8 Throwing
 - Level 0.7 Armour
 + Level 2.4 Dodging
 - Level 2.0 Spellcasting
 - Level 3.0 Translocations


You had 7 spell levels left.
You didn't know any spells.
Your spell library contained the following spells:

 Spells                   Type           Power      Damage    Failure   Level
 Blink                    Tloc           18%        N/A       14%         2
 Gell's Gravitas          Tloc           9%         N/A       26%         3
 Lesser Beckoning         Tloc           9%         N/A       26%         3
 Teleport Other           Tloc           9%         N/A       26%         3
 Beastly Appendage        Tmut           2%         N/A       30%         1
 Wereblood                Tmut           1%         N/A       43%         2
 Passage of Golubria      Tloc           9%         N/A       65%         4
 Spider Form              Tmut/Pois      1%         N/A       67%         3
 Manifold Assault         Tloc           9%         N/A       94%         5
 Silence                  Hex/Air        0%         N/A       100%        5
 Lehudib's Crystal Spear  Conj/Erth      0%         10d2      100%        8


Dungeon Overview and Level Annotations

Branches:
Dungeon (2/15)

Altars:


Innate Abilities, Weirdness & Mutations

Your serpentine skin is tough. (AC +1)
You have supernaturally acute eyesight. (SInv)
Armour fits poorly on your strangely shaped body.
Your system is resistant to poisons. (rPois)
You cover ground very slowly.
You can spit poison.
You have a snake-like lower body.


Message History

You feel sick. The adder bites you but does no damage.
You feel sick.
You are no longer poisoned.
The hobgoblin barely misses you. The adder barely misses you.
The adder closely misses you. The adder barely misses you.
You hit the hobgoblin.
The hobgoblin is almost dead.
The hobgoblin hits you. The adder bites you.
* * * LOW HITPOINT WARNING * * *
The adder bites you.
* * * LOW HITPOINT WARNING * * *
The hobgoblin hits you.
* * * LOW HITPOINT WARNING * * *
The adder bites you.
* * * LOW HITPOINT WARNING * * *
The adder barely misses you. The adder bites you but does no damage.
The adder closely misses you.
Aiming: Mindburst
Press: ? - help, Q - select action, (/) - cycle Shift-Dir - straight line, f - adder
Aim: an adder (chance to affect: 72%)
The adder struggles to resist.
The adder barely misses you.
Unknown command.
Aiming: Mindburst
Press: ? - help, Q - select action, (/) - cycle Shift-Dir - straight line, f/p - adder
Aim: an adder (chance to affect: 72%)
The adder's mind is blasted!
You blow up the adder!
The kobold throws a stone.
The stone hits you.
* * * LOW HITPOINT WARNING * * *
Your Fighting skill increases to level 3!
The hobgoblin hits you.
* * * LOW HITPOINT WARNING * * *
You thump the hobgoblin!
You kill the hobgoblin!
You hit the kobold but do no damage. The kobold hits you with a +0 whip.
You die...

#.........# #..# #..
#........# #..#### ###
#.#......# #..#....#
#......# #.......+
.#......####..#....#
#..........(...#....#
#............g.#....#
.......#.####..#....#
........@####..#....#
##.......K..........#####
#.##..#.####..#.........
#. #..............######
#.............#.######
.......................
#.#.#.#.#######.#.######
#.#.#.#.#######.#.# .
..............#


You could see a kobold.

Vanquished Creatures
  An adder (D:2)
  2 dart slugs
  5 ball pythons (D:1)
  5 endoplasms
  3 giant cockroaches (D:1)
  5 goblins
  6 hobgoblins
  5 jackals
  4 kobolds (D:1)
  A quokka (D:1)
  6 bats
  3 frilled lizards (D:1)
  7 rats
53 creatures vanquished.

Notes
Turn   | Place    | Note
-------+----------+-------------------------------------------
     0 | D:1      | AigisTheKnight the Naga Warper began the quest for the Orb.
     0 | D:1      | Reached XP level 1. HP: 19/19 MP: 3/3
   442 | D:1      | Reached XP level 2. HP: 18/26 MP: 5/5
   923 | D:1      | Reached XP level 3. HP: 31/33 MP: 6/6
  1306 | D:1      | Found a faded altar of an unknown god.
  2412 | D:2      | Reached XP level 4. HP: 38/40 MP: 7/7
  2726 | D:2      | HP: 2/42 [hobgoblin (3)]
  2728 | D:2      | Slain by a kobold

Illustrated notes

Levels and vault maps discovered:
D:1:      dpeg_arrival_ratfight, layout_loops_corners,
          shapermc_ecumenical_altar_hornbeckon
D:2:      layout_basic

Skill      XL: |  1  2  3  4 |
---------------+-------------+-----
Dodging        | 2 |  2.4
Fighting       | 3 |  3.0
Maces & Flails | |  2.9
Throwing       | |  0.8
Armour         | |  0.7
Spellcasting   | |  2.0
Translocations | |  3.0

Action                   |  1- 3 |  4- 6 || total
-------------------------+-------+-------++-------
Melee: Mace              |   147 |    14 ||   161
       Punch             |     1 |       ||     1
Evoke: Wand              |       |     2 ||     2
Armor: Leather armour    |    38 |     3 ||    41
Dodge: Dodged            |   111 |    25 ||   136

Table legend: (Time is in decaauts)
 A = Elapsed time spent in this place.
 B = Non-inter-level travel time spent in this place.
 C = Inter-level travel time spent in this place.
 D = Time resting spent in this place.
 E = Time spent auto-exploring this place.
 F = Levels seen in this place.
 G = Mean time per level.
                   A        B        C        D        E       F      G
               +--------+--------+--------+--------+--------+-----+--------+
         Total |   3410 |   3346 |     64 |      0 |   2922 |   2 | 1705.0 |
       Dungeon |   3410 |   3346 |     64 |      0 |   2922 |   2 | 1705.0 |
               +--------+--------+--------+--------+--------+-----+--------+

Top non-repeatable levels by time:
     D:1: 2289 daAuts
     D:2: 1121 daAuts
